 Seeded DCSS version 0.28.0-62-gf88900778d (webtiles) character file.

Game seed: 13591998346360536447 (custom seed)

203982 tkbsonic5 the Envoy of Void (level 18, -19/180 HPs)
             Began as a Kobold Abyssal Knight on Mar 19, 2023.
             Was a High Priest of Lugonu.
             Demolished by a radroach (55 damage)
             ... on level 1 of the Abyss on Apr 11, 2023.
             The game lasted 03:05:14 (37357 turns).

tkbsonic5 the Envoy of Void (KoAK)                 Turns: 37357, Time: 03:05:14

Health: -19/180    AC: 30    Str: 17    XL:     18   Next: 77%
Magic:  20/30      EV: 18    Int: 10    God:    Lugonu [*****.]
Gold:   1934       SH: 25    Dex: 28    Spells: 21/21 levels left

rFire   + . .      SeeInvis .   n - +9 quick blade (distort) {Quantum Kukhri}
rCold   . . .      Faith    .   D - +5 kite shield of Zattu {rF+ Int-2 Dex+8, Shield Increases Reflect!}
rNeg    . . .      Spirit   .   E - +9 plate armour
rPois   +          Reflect  +   l - +0 helmet
rElec   .          Harm     .   r - +2 cloak {rCorr}
rCorr   +          Rampage  .   g - +1 pair of gloves of the Morning {Will+ Dex+4, ChurchBreaker Gauntless}
Will    ++...                   P - -3 pair of boots of Ceosacytz {Slay+3}
Stlth   ..........              A - amulet of reflection
HPRegen 0.40/turn               Q - ring of poison resistance
MPRegen 0.22/turn               d - +4 ring of slaying

@: mighty, berserking, marked, very slightly contaminated, studying Long Blades,
very quick
A: small, no large weapons, nightstalker 3
}: 2/15 runes: decaying, gossamer
a: Renounce Religion, Depart the Abyss, Bend Space, Banish, Corrupt, Enter the
Abyss


You were on level 1 of the Abyss.
You worshipped Lugonu.
Lugonu was extremely pleased with you.
You visited 6 branches of the dungeon, and saw 31 of its levels.
You visited the Abyss 2 times.

You collected 2492 gold pieces.
You spent 558 gold pieces at shops.

Inventory:

Hand Weapons
 j - a +3 vorpal shortbow {last rune?}
 n - a +9 quick blade of distortion (weapon) {Quantum Kukhri}
 I - the +3 mace "Gatuenaig" {venom, rPois rC- Str+2}
   (You found it on level 4 of the Swamp)

   It poisons the flesh of those it strikes.
   Str:       It affects your strength (+2).
   rC:        It makes you vulnerable to cold.
   rPois:     It protects you from poison.
Armour
 g - the +1 pair of gloves of the Morning (worn) {Will+ Dex+4, ChurchBreaker Gauntless}
   (You acquired it on level 2 of the Dungeon)

   Dex:       It affects your dexterity (+4).
   Will:      It increases your willpower.
 l - a +0 helmet (worn)
 r - a +2 cloak of preservation (worn)
 D - the +5 kite shield of Zattu (worn) {rF+ Int-2 Dex+8, Shield Increases Reflect!}
   (You acquired it on level 4 of the Dungeon)

   Int:       It affects your intelligence (-2).
   Dex:       It affects your dexterity (+8).
   rF:        It protects you from fire.
 E - a +9 plate armour (worn)
 P - the -3 pair of boots of Ceosacytz (worn) {Slay+3}
   (You found it on level 4 of the Swamp)

   Slay:      It affects your accuracy & damage with ranged weapons and melee
   (+3).
Jewellery
 a - a +6 ring of strength
 c - a ring of protection from fire
 d - a +4 ring of slaying (right hand)
 h - an amulet of faith
 i - a ring of protection from fire
 k - a ring of willpower
 m - a ring of resist corrosion
 t - a ring of willpower
 A - an amulet of reflection (around neck)
 K - a ring of ice
 Q - a ring of poison resistance (left hand)
 U - a ring of see invisible
 V - a ring of ice
Wands
 G - a wand of digging (1)
Scrolls
 q - 3 scrolls of amnesia
 w - 5 scrolls of teleportation
 y - 3 scrolls of holy word
 L - a scroll of fog
 W - 12 scrolls of identify
Potions
 o - 3 potions of attraction
 u - 12 potions of ambrosia
 z - 8 potions of curing
 C - 9 potions of mutation
 H - 4 potions of lignification
 J - 2 potions of flight
 M - 2 potions of brilliance
Miscellaneous
 b - a phantom mirror
 e - a phial of floods
 f - a lightning rod (4/4)
 R - a condenser vane (inert)
 Y - a tin of tremorstones (2/2)


   Skills:
 * Level 15.6 Fighting
 - Level 8.0 Short Blades
 - Level 8.2 Throwing
 * Level 11.0 Armour
 * Level 16.2 Dodging
 - Level 4.7 Stealth
 + Level 11.7 Shields
 - Level 2.4 Spellcasting
 * Level 17.5 Invocations
 + Level 14.0 Evocations


You had 21 spell levels left.
You didn't know any spells.
Your spell library contained the following spells:

 Spells                   Type           Power      Damage    Failure   Level
 Animate Skeleton         Necr           2%         N/A       100%        1
 Apportation              Tloc           2%         N/A       100%        1
 Foxfire                  Conj/Fire      4%         2x1d4     100%        1
 Pain                     Necr           4%         1d4       100%        1
 Static Discharge         Conj/Air       1%         N/A       100%        2
 Sublimation of Blood     Necr           1%         N/A       100%        2
 Wereblood                Tmut           1%         N/A       100%        2
 Confusing Touch          Hex            1%         N/A       100%        3
 Conjure Flame            Conj/Fire      1%         6-21      100%        3
 Inner Flame              Hex/Fire       1%         N/A       100%        3
 Ozocubu's Armour         Ice            1%         N/A       100%        3
 Tukima's Dance           Hex            1%         N/A       100%        3
 Vampiric Draining        Necr           1%         2d6       100%        3
 Dispel Undead            Necr           1%         3d6       100%        4
 Flame Wave               Conj/Fire      1%         2d4       100%        4
 Passage of Golubria      Tloc           1%         N/A       100%        4
 Petrify                  Tmut/Erth      1%         N/A       100%        4
 Sticky Flame             Conj/Fire      1%         2d3       100%        4
 Agony                    Necr           1%         N/A       100%        5
 Alistair's Intoxication  Tmut/Pois      0%         N/A       100%        5
 Blade Hands              Tmut           0%         N/A       100%        5
 Borgnjor's Vile Clutch   Necr/Erth      0%         N/A       100%        5
 Excruciating Wounds      Necr           0%         N/A       100%        5
 Irradiate                Conj/Tmut      0%         3d13      100%        5
 Yara's Violent Unravell  Hex/Tmut       0%         3d3       100%        5
 Eringya's Noxious Bog    Tmut/Pois      0%         N/A       100%        6
 Dragon Form              Tmut           0%         N/A       100%        7
 Enfeeble                 Hex            0%         N/A       100%        7
 Haunt                    Necr/Summ      0%         N/A       100%        7
 Ozocubu's Refrigeration  Ice            0%         4d5       100%        7
 Summon Hydra             Summ           0%         N/A       100%        7
 Infestation              Necr           0%         N/A       100%        8


Dungeon Overview and Level Annotations

Branches:
Dungeon (15/15)            Temple (0/1) D:6            Lair (6/6) D:8
  Swamp (4/4) Lair:4       Spider (4/4) Lair:4        Slime (0/5) Lair:6
    Orc (1/2) D:10         Vaults (1/5) D:13         Depths (0/4) D:15

Altars:
Elyvilon
Gozag
Hepliaklqana
Nemelex Xobeh
Okawaru
Qazlal
Sif Muna
Trog
Wu Jian
The Shining One

Shops:
D:8 *   D:11 *   Orc:1 *   Vaults:1 !(:

Annotations:
D:3 2 transporters, AleXD21137's ghost, weakling TrMo
D:13 corrupted
Swamp:2 3 runed translucent doors, Fiegh's ghost, adept MfIE
Swamp:4 1 runed translucent door, corrupted
Spider:4 corrupted
Vaults:1 corrupted
Abyss:1 Louise


Innate Abilities, Weirdness & Mutations

You are small and have problems with some larger weapons.
You are completely attuned to the shadows.


Message History

You hear a shout!
There are monsters nearby!
You feel much better.
You puncture the slime creature!
The slime creature is almost dead.
You block the slime creature's attack.
You puncture the slime creature!
You kill the slime creature!
That felt strangely unrewarding.
You closely miss the eleionoma. You impale the eleionoma!!
Space warps horribly around the eleionoma!
The eleionoma is moderately wounded.
The eleionoma hurls a spray of splinters at you.
The spray of wooden splinters misses you.
Okay, then.
You impale the eleionoma!!
The eleionoma is severely wounded.
You barely miss the eleionoma.
The eleionoma is severely wounded.
The radroach erupts in a fountain of uncontrolled magic!
You are blasted with magical radiation!!
* * * LOW HITPOINT WARNING * * *
You are very lightly contaminated with residual magic.
The eleionoma hits you but does no damage.
You hit the radroach but do no damage.
Space warps horribly around the radroach!
The radroach is moderately wounded.
Okay, then.
A red film seems to cover your vision as you go berserk!
You feel yourself moving faster!
You feel mighty! You block the radroach's attack. x2
The eleionoma hits you but does no damage.
The vault sentinel blows a loud note on a signal horn!
You impale the ironbound convoker!!
The ironbound convoker is severely wounded.
The ironbound convoker blinks!
The radroach erupts in a fountain of uncontrolled magic!
You are blasted with magical radiation!!!
You die...

. . #. .#
..s###.s#
...§@R9..
...B....#
#.∩##∩###
..p .. #.
..#


You could see an eleionoma, a radroach, a wolf spider, a vault sentinel
(catching breath), a culicivora and a gargoyle.

Vanquished Creatures
  Kirke (D:13)
  An azure jelly (Swamp:4)
  2 vault wardens (Vaults:1)
  An emperor scorpion (Spider:2)
  2 ghost moths
  Aizul (Swamp:3)
  A stone giant (D:15)
  2 broodmothers
  An eleionoma (Swamp:2)
  2 entropy weavers (Spider:4)
  4 bunyips (Swamp:2)
  A fire dragon (Lair:6)
  An ice dragon (Swamp:4)
  A great orb of eyes (Vaults:1)
  Erolcha (D:13)
  8 boulder beetles
  4 ironbound frosthearts (Vaults:1)
  A vault guard (Vaults:1)
  A rakshasa (D:14)
  8 hydras
  3 alligators (Swamp:1)
  5 centaur warriors
  A death knight (D:15)
  A death scarab (Spider:3)
  6 two-headed ogres
  3 death yaks (Lair:6)
  2 tengu warriors (D:15)
  A fire crab (Lair:6)
  A deep elf knight (D:14)
  A sun moth (Spider:4)
  3 pharaoh ants
  3 swamp dragons
  2 goliath frogs
  2 steelbarb worms
  2 deep trolls (Vaults:1)
  A spriggan druid (Swamp:2)
  5 orb spiders (Spider:4)
  5 wizards
  2 bog bodies
  A phantasmal warrior (D:15)
  2 ironbound convokers (Vaults:1)
  An orc knight (Vaults:1)
  9 wolf spiders
  4 will-o-the-wisps
  5 cyclopes
  25 elephants
  6 black mambas
  4 moths of wrath
  A manticore (D:14)
  9 ugly things
  12 cane toads
  5 vault sentinels (Vaults:1)
  3 torpor snails
  An eye of devastation (D:15)
  3 gargoyles
  Maggie (Lair:2)
  2 unseen horrors (D:13)
  8 demonic crawlers
  3 yaktaurs
  7 komodo dragons
  7 freezing wraiths
  5 rime drakes
  A polar bear (Lair:4)
  A queen bee (shapeshifter) (D:11)
  5 trolls
  4 hornets
  12 meliai
  21 tarantellas
  A tyrant leech (Swamp:1)
  15 slime creatures
  A raiju (D:15)
  A blink frog (shapeshifter) (D:9)
  11 blink frogs
  22 jumping spiders
  2 centaur simulacra (D:14)
  Sigmund (D:5)
  2 shadows
  3 spriggans
  5 wyverns
  15 culicivoras
  A fire bat (Lair:6)
  7 wraiths
  49 yaks
  2 basilisks (D:8)
  2 steam dragons
  2 hogs (D:13)
  43 redbacks
  22 vampire mosquitoes
  A swamp worm simulacrum (Swamp:4)
  Menkaure (D:5)
  15 swamp worms
  Edmund (D:5)
  18 water moccasins
  2 hydra simulacra (Swamp:4)
  A floating eye (D:15)
  A swamp drake (Lair:6)
  2 ice beasts
  3 sky beasts
  4 orc warriors
  2 black bears (D:6)
  5 ogres
  17 centaurs
  A kobold brigand (D:10)
  9 bullfrogs
  A wyvern zombie (D:7)
  3 gnoll sergeants
  3 scorpions
  A water moccasin zombie (D:5)
  A hornet simulacrum (D:14)
  11 killer bees
  4 vampire bats (D:13)
  7 wights
  3 howler monkeys
  2 jellies
  6 electric eels
  A bullfrog zombie (D:5)
  2 centaur zombies
  2 hounds
  2 orc priests
  2 gnoll shamans
  3 bullfrog skeletons
  14 iguanas
  Ijyb (D:5)
  Natasha (thrice) (D:2)
  9 hell rats
  3 orc wizards
  A killer bee zombie (D:7)
  3 hound skeletons
  2 howler monkey zombies
  8 adders
  18 gnolls
  4 river rats (D:13)
  A howler monkey skeleton (D:6)
  A white imp (D:5)
  2 ufetubi
  5 swamp drake simulacra (Swamp:4)
  2 adder skeletons (D:4)
  2 worms
  6 dart slugs
  10 orcs
  9 bats
  8 endoplasms
  4 giant cockroaches
  10 hobgoblins
  5 jackals
  14 kobolds
  2 quokkas
  6 ball pythons
  A frilled lizard (D:2)
  4 goblins
  15 rats
  A spectral hobgoblin (D:4)
779 creatures vanquished.

Vanquished Creatures (collateral kills)
  2 death yaks (Lair:6)
  A goliath frog (Swamp:4)
  An orb spider (Spider:4)
  A tyrant leech (Swamp:3)
  A yak (D:8)
  A steam dragon (D:8)
  An ice beast (D:5)
  A bullfrog (D:8)
  3 scorpions
  A wight (D:8)
  2 orcs (D:8)
  4 giant cockroaches (D:13)
  A quokka (D:5)
  2 ball pythons (D:13)
22 creatures vanquished.

Vanquished Creatures (others)
  An emperor scorpion (Spider:4)
  A vault warden (Vaults:1)
  An orc warlord (Vaults:1)
  An ironbound preserver (D:13)
  3 dire elephants (Vaults:1)
  2 spark wasps (Spider:4)
  A hydra (D:13)
  3 boulder beetles (D:13)
  An ice dragon (Swamp:4)
  A vault guard (Vaults:1)
  2 death knights (D:13)
  3 centaur warriors
  An ironbound frostheart (Vaults:1)
  Urug (D:13)
  A skeletal warrior (D:13)
  A sun moth (Spider:4)
  An orb spider (Spider:4)
  A glowing orange brain (Vaults:1)
  2 ironbound convokers (Vaults:1)
  2 ugly things (D:14)
  5 orc knights (Vaults:1)
  A cyclops (D:13)
  2 black mambas (D:13)
  An efreet (D:13)
  2 trolls (D:13)
  3 bloated husks
  5 hornets (Spider:4)
  A tarantella (Spider:4)
  3 tyrant leeches
  A slime creature (D:13)
  2 jumping spiders (Spider:4)
  A basilisk (Lair:6)
  A basilisk (shapeshifter) (D:13)
  3 hogs (D:13)
  A golden eye (Lair:6)
  2 redbacks (Spider:4)
  A swamp worm simulacrum (Swamp:4)
  10 hydra simulacra (Swamp:4)
  An orc warrior (D:8)
  A killer bee (D:8)
  An electric eel (D:13)
  A jelly (Lair:6)
  2 iguanas (Lair:6)
  A swamp drake simulacrum (Swamp:4)
  20 foxfires
  52 fungi
  58 plants
  18 starspawn tentacles
230 creatures vanquished.

Grand Total: 1031 creatures vanquished

Notes
Turn   | Place    | Note
-------+----------+-------------------------------------------
     0 | Abyss:1  | tkbsonic5 the Kobold Abyssal Knight began the quest for the
                  | Orb.
     0 | Abyss:1  | Reached XP level 1. HP: 14/14 MP: 2/2
     4 | Abyss:1  | Found a corrupted altar of Lugonu.
    86 | Abyss:1  | Noticed a large abomination
    87 | D:1      | Escaped the Abyss
   288 | D:1      | Reached * piety under Lugonu
   299 | D:1      | Reached XP level 2. HP: 18/19 MP: 3/3
   587 | D:1      | Reached skill level 1 in Stealth
   593 | D:1      | Reached XP level 3. HP: 23/23 MP: 4/4
  1529 | D:2      | Found a faded altar of an unknown god.
  1543 | D:2      | Reached XP level 4. HP: 29/29 MP: 5/5
  1564 | D:2      | Noticed Natasha
  1577 | D:2      | Killed Natasha
  1577 | D:2      | Reached ** piety under Lugonu
  2139 | D:2      | Noticed Natasha
  2140 | D:2      | Identified 3 scrolls of acquirement
  2140 | D:2      | Acquired a +2 trident of protection
  2148 | D:2      | Killed Natasha
  2149 | D:2      | Reached XP level 5. HP: 29/33 MP: 6/6
  2149 | D:2      | Acquired a +6 quick blade
  2151 | D:2      | Acquired the +1 pair of gloves of the Morning {Will+ Dex+4}
  2334 | D:2      | Noticed Natasha
  2341 | D:2      | Killed Natasha
  2699 | D:3      | Found a glowing golden altar of the Shining One.
  2831 | D:3      | Identified the +1 whip of Eternal Harmony {flame, rElec
                  | Int+2}
  2834 | D:3      | You fall into a shaft and drop 2 floors!
  2834 | D:5      | Entered Level 5 of the Dungeon
  2841 | D:5      | Noticed Sigmund
  2850 | D:5      | Noticed Ijyb
  2872 | D:5      | Killed Ijyb
  2878 | D:5      | Reached XP level 6. HP: 39/39 MP: 6/8
  2888 | D:5      | Noticed Edmund
  2907 | D:6      | Noticed a steam dragon
  2922 | D:6      | Killed a steam dragon
  2923 | D:6      | Reached skill level 5 in Fighting
  2923 | D:6      | Reached skill level 5 in Short Blades
  2923 | D:6      | Reached skill level 3 in Invocations
  2923 | D:6      | Reached XP level 7. HP: 11/44 MP: 7/9
  3681 | D:6      | Reached skill level 5 in Dodging
  3880 | D:6      | Reached XP level 8. HP: 46/51 MP: 10/10
  3939 | D:6      | Reached skill level 1 in Armour
  4066 | D:6      | Found a staircase to the Ecumenical Temple.
  4254 | D:5      | Found a shimmering blue altar of Sif Muna.
  4259 | D:5      | Reached skill level 1 in Evocations
  4274 | D:5      | Killed Edmund
  4445 | D:5      | Reached skill level 4 in Invocations
  4650 | D:5      | Killed Sigmund
  4651 | D:5      | Reached skill level 1 in Throwing
  4691 | D:5      | Reached XP level 9. HP: 56/56 MP: 12/12
  4720 | D:5      | Reached *** piety under Lugonu
  4884 | D:5      | Found an opulent altar of Gozag.
  4891 | D:5      | Found a stormy altar of Qazlal.
  5058 | D:5      | Found an iron altar of Okawaru.
  5100 | D:5      | Noticed Menkaure
  5115 | D:5      | Killed Menkaure
  5556 | D:6      | Reached skill level 5 in Invocations
  6360 | D:4      | Found a hazy altar of Hepliaklqana.
  6618 | D:4      | Acquired the +5 kite shield of Zattu {rF+ Int-2 Dex+8}
  7124 | D:3      | Found a transporter.
  7138 | D:3      | Noticed AleXD21137's ghost (weakling TrMo)
  7162 | D:3      | Found a transporter.
  7528 | D:7      | Found an ornate altar of the Wu Jian Council.
  7767 | D:7      | Reached skill level 1 in Shields
  8602 | D:8      | Reached XP level 10. HP: 58/63 MP: 14/14
  8604 | D:8      | Reached skill level 6 in Invocations
  8628 | D:8      | Reached skill level 5 in Evocations
  8759 | D:8      | Reached **** piety under Lugonu
  8761 | D:8      | Reached skill level 7 in Invocations
  9064 | D:8      | Found Kiqy Okk's Assorted Antiques.
  9069 | D:8      | Bought a knobbly diamond ring for 140 gold pieces
  9069 | D:8      | Bought a cloak for 126 gold pieces
  9091 | D:8      | Found a staircase to the Lair.
  9284 | D:8      | Found a bloodstained altar of Trog.
  9370 | D:9      | Acquired a manual of Shields
  9372 | D:9      | Acquired the amulet "Welid" {Acrobat rElec rPois Regen+
                  | Str-3}
  9374 | D:9      | Acquired a ring of poison resistance
  9445 | D:9      | Found the +8 storm bow {elec, penet}
  9477 | D:9      | Reached skill level 8 in Invocations
  9485 | D:9      | Reached XP level 11. HP: 68/69 MP: 15/17
  9524 | D:9      | Paralysed by a hornet for 3 turns
 10058 | D:10     | Entered Level 10 of the Dungeon
 10073 | D:10     | Noticed a seven-headed hydra
 10076 | D:10     | Killed a seven-headed hydra
 10077 | D:10     | Reached skill level 9 in Invocations
 10079 | D:10     | Noticed a two-headed ogre
 10082 | D:10     | Killed a two-headed ogre
 10329 | D:10     | Reached skill level 5 in Shields
 10333 | D:10     | Reached ***** piety under Lugonu
 10803 | D:10     | Found a staircase to the Orcish Mines.
 11300 | D:11     | Noticed an eight-headed hydra
 11302 | D:11     | Banished an eight-headed hydra
 11303 | D:11     | Reached skill level 5 in Armour
 11303 | D:11     | Reached skill level 10 in Invocations
 11303 | D:11     | Reached XP level 12. HP: 76/76 MP: 14/19
 11381 | D:11     | Noticed a two-headed ogre
 11389 | D:11     | Killed a two-headed ogre
 11569 | D:11     | Noticed a two-headed ogre
 11584 | D:11     | Killed a two-headed ogre
 11585 | D:11     | Reached skill level 5 in Throwing
 11613 | D:11     | Found Reiheab's General Store.
 11616 | D:11     | Bought a wand of digging (5) for 216 gold pieces
 11616 | D:11     | Bought 4 atropa-tipped darts for 28 gold pieces
 11633 | D:11     | Bought a scroll of identify for 24 gold pieces
 11633 | D:11     | Bought a scroll of identify for 24 gold pieces
 12087 | Lair:1   | Entered Level 1 of the Lair of Beasts
 12312 | Lair:1   | Found a dark tunnel.
 12771 | Lair:1   | Got the Almanac of Evil Secrets
 12911 | Lair:2   | Reached skill level 10 in Dodging
 13010 | Lair:2   | Reached skill level 11 in Invocations
 13154 | Lair:2   | Reached skill level 10 in Fighting
 13412 | Lair:2   | Identified the +2 hand axe of Guotsole {venom, *Corrode rN+
                  | Int+2 Stlth+}
 13710 | Lair:2   | Noticed Maggie
 13729 | Lair:2   | Killed Maggie
 13730 | Lair:2   | Reached XP level 13. HP: 82/82 MP: 21/21
 14906 | Lair:3   | Reached skill level 12 in Invocations
 15378 | Lair:4   | Noticed a seven-headed hydra
 15379 | Lair:4   | Killed a seven-headed hydra
 15904 | Lair:4   | Found a staircase to the Swamp.
 15962 | Lair:4   | Noticed a six-headed hydra
 15963 | Lair:4   | Killed a six-headed hydra
 16060 | Lair:4   | Found a hole to the Spider Nest.
 16096 | Lair:4   | Reached skill level 13 in Invocations
 16905 | Lair:5   | Reached XP level 14. HP: 82/90 MP: 22/24
 16928 | Lair:5   | Reached skill level 10 in Evocations
 17731 | Lair:6   | Entered Level 6 of the Lair of Beasts
 17741 | Lair:6   | Found a staircase to the Slime Pits.
 17927 | Lair:6   | Reached skill level 14 in Invocations
 18177 | Lair:6   | Reached skill level 10 in Shields
 19564 | Orc:1    | Entered Level 1 of the Orcish Mines
 19564 | Orc:1    | Found Bucsurua's General Store.
 20166 | D:12     | Reached XP level 15. HP: 96/96 MP: 26/26
 21012 | D:13     | Corrupted D:13
 21012 | D:13     | Noticed a tentacled starspawn
 21056 | D:13     | Noticed an Executioner
 21063 | D:13     | Reached skill level 15 in Invocations
 21063 | D:13     | Killed an ironbound preserver
 21071 | D:13     | Noticed a reaper
 21113 | D:13     | Killed Urug
 21296 | D:13     | Noticed Kirke
 21306 | D:13     | Killed Kirke
 21470 | D:13     | Found a gate to the Vaults.
 21554 | D:13     | Noticed Erolcha
 21586 | D:13     | Killed Erolcha
 21587 | D:13     | Reached skill level 1 in Spellcasting
 22559 | D:14     | Reached ****** piety under Lugonu
 23362 | D:15     | Entered Level 15 of the Dungeon
 23900 | D:15     | Identified a +9 quick blade of distortion {Blade Of Echos
                  | (Timeslip)} (a +8 quick blade {Blade Of Echos (Timeslip)}
                  | corrupted by Lugonu)
 23900 | D:15     | Received a gift from Lugonu
 23909 | D:15     | Reached XP level 16. HP: 75/104 MP: 27/27
 24218 | D:15     | Found a white marble altar of Elyvilon.
 24597 | D:15     | Found a staircase to the Depths.
 24974 | Swamp:1  | Entered Level 1 of the Swamp
 26257 | Swamp:1  | Reached skill level 16 in Invocations
 26677 | Swamp:2  | Noticed Louise
 26683 | Swamp:1  | Banished Louise
 27845 | Swamp:2  | Found a runed translucent gate.
 27845 | Swamp:2  | Found a runed translucent gate.
 27845 | Swamp:2  | Noticed Fiegh's ghost (adept MfIE)
 27847 | Swamp:2  | Found a runed translucent gate.
 28169 | Swamp:3  | Noticed a thorn hunter
 28169 | Swamp:3  | Found the +4 skin of Zhor {*Englaciate rC+++ SInv}
 28170 | Swamp:3  | Banished a thorn hunter
 28247 | Swamp:3  | Noticed Aizul
 28270 | Swamp:3  | Killed Aizul
 28633 | Swamp:3  | Reached XP level 17. HP: 111/111 MP: 29/29
 29020 | Swamp:3  | Found a sparkling altar of Nemelex Xobeh.
 29162 | Swamp:4  | Entered Level 4 of the Swamp
 29305 | Swamp:4  | Identified the +3 mace "Gatuenaig" {venom, rPois rC- Str+2}
 29316 | Swamp:4  | Found a runed translucent door.
 29405 | Swamp:4  | Reached skill level 15 in Dodging
 29718 | Swamp:4  | Identified the -3 pair of boots of Ceosacytz {Slay+3}
 29736 | Swamp:4  | Corrupted Swamp:4
 30365 | Swamp:4  | Got a decaying rune of Zot
 30510 | Spider:1 | Entered Level 1 of the Spider Nest
 30806 | Spider:1 | Reached skill level 10 in Armour
 31833 | Spider:2 | Reached skill level 17 in Invocations
 31836 | Spider:2 | Found the +3 robe of Clouds {*Thunder rCloud rElec}
 32067 | Spider:2 | Identified the +7 chain mail of Qiysimoa {rN+}
 32886 | Spider:3 | Found a frozen archway.
 33718 | Spider:4 | Entered Level 4 of the Spider Nest
 33921 | Spider:4 | Reached skill level 15 in Fighting
 34147 | Spider:4 | Reached XP level 18. HP: 119/119 MP: 30/30
 35512 | Spider:4 | Corrupted Spider:4
 35512 | Spider:4 | Noticed an Executioner
 35525 | Spider:4 | Got a gossamer rune of Zot
 36039 | Vaults:1 | Entered Level 1 of the Vaults
 36159 | Vaults:1 | Found Zaukki's Distillery.
 36165 | Vaults:1 | Found Qunylyc's Antique Weapon Boutique.
 36198 | Vaults:1 | Found Fapt's Book Emporium.
 36242 | Vaults:1 | Corrupted Vaults:1
 36275 | Vaults:1 | Found a magical portal.
 37357 | Abyss:1  | Demolished by a radroach

Illustrated notes

Levels and vault maps discovered:
D:1:      wander_arrival_fairy_ring, layout_basic, chequers_serial_rivers_room_a
D:2:      layout_loops_ring, shapermc_ecumenical_altar_venn, uniq_natasha
D:3:      layout_loops_ring, mainiacjoe_overflow_chevrons,
          gammafunk_ghost_arena, hangedman_glass_teeth
D:4:      layout_basic, nicolae_hepliaklqana_monster_ancestors,
          due_unseen_surprise
D:5:      layout_basic, lemuel_doored_altar, overflow_temple_1_default,
          amethyst_overflow_temple_binary, minmay_manual_mess, uniq_ijyb,
          uniq_edmund, uniq_sigmund, uniq_menkaure
D:6:      layout_layer_cave, minmay_temple_entry_hall
D:7:      layout_basic, nicolae_wu_jian_immortal_techniques
D:8:      layout_rooms, lightli_temple_of_fire, minmay_lair_entry_grove,
          serial_shops, shop
D:9:      layout_cave_pools, grunt_decor_clamped
D:10:     minmay_diamond_stairs, layout_basic
D:11:     layout_gridville, serial_shops, kennysheep_mini_moat
D:12:     layout_loops_corners, lightli_corner_chamber
D:13:     layout_rooms, skrybe_vaults_entry_preservation, fountainhead,
          hangedman_parallel_progression, uniq_kirke, uniq_urug, uniq_erolcha
D:14:     layout_basic, nicolae_wwwww, minmay_pinched_square
D:15:     grunt_enter_depths_snipers, layout_long_grid, elyvilon_altar_5
Lair:1:   layout_loops_ring, nicolae_volcano_entry_hallway, st_stairs_7
Lair:2:   layout_loops_ring, infiniplex_staircase_pool, uniq_maggie
Lair:3:   layout_hall_layers
Lair:4:   layout_loops_ring, minmay_swamp_entry_worms, spider_nest_entry_webs,
          lemuel_old_faithful, grunt_megastairs_3
Lair:5:   layout_regular_city
Lair:6:   guppyfry_lair_end_dragon, layout_gridlike, wormcave,
          minmay_slime_entry_pillars
Swamp:1:  layout_falls_marsh, evilmike_swamp_ruin_house_2,
          nicolae_swamp_treefoil, swamp_pool1, nicolae_swamp_well_well_well
Swamp:2:  nicolae_swamp_tree_isthmus, layout_falls_marsh,
          gammafunk_ghost_necromancy, nicolae_swamp_triple_paths, swamp_pool1,
          uniq_louise
Swamp:3:  layout_basic_swamp, evilmike_swamp_ruin_rubble_2, swamp_pool3,
          lemuel_altar_in_water, cheibrodos_swamp_pet_leeches, uniq_aizul
Swamp:4:  swamp_icy, layout_basic_swamp, gammafunk_ghost_grave, uniq_bai_suzhen,
          uniq_nikola
Spider:1: layout_spider_delve, drop_trap
Spider:2: layout_spider_delve
Spider:3: layout_spider_delve, portal_ice_cave_entry_pillars_four,
          spiders_nest_ghost_moth_duel
Spider:4: spider_rune_water, nicolae_spider_orb_run
Orc:1:    layout_caves, serial_shops, shop
Vaults:1: infiniplex_enter_wizlab_water, v_misc_2, ontoclasm_vaults_hangar,
          nicolae_vaults_network_square, grunt_vaults_twisty,
          grunt_vaults_trifunnel, hangedman_vaults_maws, vaults_dpeg_diagonal,
          nicolae_vaults_network_quinsquares
          [nicolae_vaults_network_quincunx_subvault,
          nicolae_vaults_network_quincunx_subvault,
          nicolae_vaults_network_quincunx_subvault,
          nicolae_vaults_network_quincunx_subvault], v_misc_17,
          vaults_dpeg_encased_lava, nicolae_vaults_circle_grid_a,
          vaults_dpeg_ring, layout_vaults_omnicross, serial_shops, statue_bzr,
          nicolae_shop_trees, shop, nicolae_square_shop,
          nicolae_shop_statue_plus
Abyss:1:  base: Temple, base: Temple, evilmike_abyss_exit_vortex, base:
Swamp:4

Skill      XL: |  1  2  3  4  5  6  7  8  9 10 11 12 13 14 15 16 17 18 |
---------------+-------------------------------------------------------+-----
Short Blades   | 3 4 5 6 7 8 |  8.0
Stealth        | 1 2 3 4 |  4.7
Dodging        | 3 4 5 6 7 8 9 10 11 12 13 14 15 16 | 16.2
Fighting       | 4 5 6 7 8 9 10 11 12 13 14 15 | 15.6
Invocations    | 3 4 5 8 10 11 13 14 15 16 17 | 17.5
Armour         | 1 2 3 5 6 7 8 9 10 11 | 11.0
Evocations     | 2 4 6 7 8 9 11 12 13 14 | 14.0
Throwing       | 1 2 3 4 5 7 8 |  8.2
Shields        | 1 3 5 7 9 10 11 | 11.7
Spellcasting   | 2 |  2.4

Action                   |  1- 3 |  4- 6 |  7- 9 | 10-12 | 13-15 | 16-18 || total
-------------------------+-------+-------+-------+-------+-------+-------++-------
Melee: Short sword       |   108 |    28 |       |       |       |       ||   136
       Punch             |     3 |     1 |     1 |       |       |       ||     5
       Trident           |       |     6 |       |       |       |       ||     6
       Quick blade       |       |    46 |   304 |   656 |  1583 |  1239 ||  3828
 Fire: Hunting sling     |       |       |       |     2 |       |       ||     2
Throw: Dart              |    13 |     8 |    10 |    21 |    73 |   137 ||   262
       Boomerang         |       |       |       |       |    28 |       ||    28
       Throwing net      |       |       |       |       |       |     1 ||     1
Invok: Depart the Abyss  |     1 |       |       |       |       |       ||     1
       Bend Space        |       |     1 |     1 |     1 |    20 |    63 ||    86
       Banish            |       |       |       |     2 |     2 |     9 ||    13
       Corrupt           |       |       |       |       |     1 |     3 ||     4
       Brand Weapon With |       |       |       |       |     1 |       ||     1
       Enter the Abyss   |       |       |       |       |       |     1 ||     1
Evoke: Wand              |       |     7 |    49 |    33 |    62 |    55 ||   206
       Tin of tremorston |       |       |       |       |     5 |     7 ||    12
       Lightning rod     |       |       |       |       |     4 |    13 ||    17
       Phial of floods   |       |       |       |       |       |     4 ||     4
       Phantom mirror    |       |       |       |       |       |     4 ||     4
       Condenser vane    |       |       |       |       |       |     4 ||     4
  Use: Scroll            |       |     7 |     9 |    18 |    11 |    22 ||    67
       Potion            |       |     2 |       |     2 |     5 |    18 ||    27
 Stab: Sleeping          |     7 |     2 |       |       |       |       ||     9
       Paralysed         |       |       |       |     3 |       |       ||     3
       Invisible         |       |       |       |     2 |     4 |     4 ||    10
       Distracted        |       |       |       |       |     2 |     1 ||     3
       Confused          |       |       |       |       |     1 |       ||     1
Armor: Leather armour    |    12 |       |       |       |       |       ||    12
       Ring mail         |       |     6 |       |       |       |       ||     6
       Chain mail        |       |    10 |    67 |       |       |       ||    77
       Plate armour      |       |       |    25 |    78 |   312 |   248 ||   663
Dodge: Dodged            |    61 |    39 |    70 |    69 |   276 |   237 ||   752
Block: Kite shield       |       |       |    37 |   342 |  1026 |   874 ||  2279
       Reflection        |       |       |       |     4 |    27 |    33 ||    64
